[Event "January 2 Early 2024"]
[Site "https://www.chess.com"]
[Date "2024.01.02"]
[Round "2"]
[White "Durucay, Uygar"]
[Black "Jahnz, Fabian"]
[Result "0-1"]
[Board "208"]
[TimeControl "180+1"]
[WhiteFideId "44591560"]
[BlackFideId "4653300"]
[WhiteElo "2485"]
[BlackElo "2264"]
[WhiteTeam "TUR"]
[BlackTeam "GER"]
[WhiteClock "0:00:00"]
[BlackClock "0:00:59"]

1. d4 d5 2. c4 e6 3. Nc3 Nf6 4. cxd5 exd5 5. Bg5 c6 6. e3 Be7 7. Bd3 O-O 8. Nge2 h6 9. Bh4 Be6 10. O-O Ne8 11. Bxe7 Qxe7 12. Qc2 Nd6 13. Rae1 Nd7 14. f3 f5 15. Nf4 Kh7 16. e4 fxe4 17. fxe4 dxe4 18. Nxe4 Nxe4 0-1

[Event "January 2 Early 2024"]
[Site "https://www.chess.com"]
[Date "2024.01.02"]
[Round "2"]
[White "Brejnik, Gustav"]
[Black "Hasanagic, Anel"]
[Result "0-1"]
[Board "209"]
[TimeControl "180+1"]
[WhiteFideId "362662"]
[BlackFideId "14605791"]
[WhiteElo "2259"]
[BlackElo "2484"]
[WhiteTeam "CZE"]
[BlackTeam "SLO"]
[WhiteClock "0:00:04"]
[BlackClock "0:00:07"]

1. Nf3 f5 2. g3 Nf6 3. Bg2 g6 4. O-O Bg7 5. d3 O-O 6. Nbd2 d6 7. e4 e5 8. Qe2 Nc6 9. Re1 h6 10. h3 g5 11. exf5 Bxf5 12. c3 Qd7 13. g4 Bg6 14. Nf1 Rae8 15. Ng3 e4 16. dxe4 Nxe4 17. Nxe4 Bxe4 18. Be3 d5 19. Rad1 Qf7 20. Nd4 Nxd4 21. cxd4 Bxg2 22. Kxg2 Re4 23. Rd3 c6 24. f3 Re6 25. Qd1 Rfe8 26. Bf2 Rxe1 27. Bxe1 Qe6 28. Kf1 Qd6 29. Kg2 Qe6 30. Kf1 b6 31. Bg3 Kf7 32. Qc2 Bf6 33. Rd1 Kg7 34. Re1 Qd7 35. Rxe8 Qxe8 36. Qd3 Qe6 37. f4 c5 38. f5 Qd7 39. dxc5 bxc5 40. b3 Qc6 41. Qe2 c4 42. Be5 c3 43. Bxf6+ Kxf6 44. Qd3 c2 45. Qd4+ Kf7 46. Qxa7+ Kf6 47. Qd4+ Kf7 48. Qa7+ Ke8 49. Qb8+ Kd7 50. Qa7+ Qc7 51. Qa4+ Qc6 52. Qa7+ Kd6 53. Qa3+ Ke5 54. Qc1 Ke4 55. Ke2 d4 56. Kd2 Qc3+ 57. Ke2 Qe3+ 58. Qxe3+ dxe3 59. f6 c1=Q 60. f7 Qd2+ 61. Kf1 Qf2# 0-1

[Event "January 2 Early 2024"]
[Site "https://www.chess.com"]
[Date "2024.01.02"]
[Round "2"]
[White "Azali, Tannaz"]
[Black "Vanek, Tomas"]
[Result "0-1"]
[Board "210"]
[TimeControl "180+1"]
[WhiteFideId "12537721"]
[BlackFideId "313459"]
[WhiteElo "2484"]
[BlackElo "2259"]
[WhiteTeam "IRI"]
[BlackTeam "CZE"]
[WhiteClock "0:00:27"]
[BlackClock "0:00:12"]

1. e4 c5 2. Nf3 Nc6 3. Bb5 Nf6 4. e5 Nd5 5. O-O Nc7 6. Bxc6 dxc6 7. h3 h6 8. Re1 Bf5 9. Nc3 Nd5 10. d4 Nxc3 11. bxc3 e6 12. Rb1 b6 13. Ba3 Qd5 14. Rb2 O-O-O 15. Qe2 c4 16. Bxf8 Rhxf8 17. a4 f6 18. Ra1 Qa5 19. Qxc4 Kb7 20. Qe2 Qxc3 21. Rab1 Rd5 22. g4 Bg6 23. Qe3 Qxe3 24. fxe3 Be4 25. Nd2 Bg6 26. Nc4 h5 27. c3 hxg4 28. hxg4 Bxb1 29. Rxb1 fxe5 30. Nxe5 Rxe5 31. dxe5 Rf3 32. Re1 Ka6 33. Kg2 Rf8 34. Rd1 Ka5 35. Rd7 a6 36. Rxg7 Kxa4 37. Re7 Kb5 38. Rxe6 a5 39. Kg3 a4 40. g5 a3 41. Rd6 a2 42. Rd1 Kc4 43. Kg4 Kxc3 44. g6 b5 45. Kg5 b4 46. g7 Ra8 47. e6 b3 48. e7 b2 49. Rd8 Ra5+ 50. Kf6 b1=Q 51. g8=Q Qf5+ 52. Kg7 Qg5+ 53. Kf8 Rf5+ 54. Qf7 Rxf7+ 55. Kxf7 Qf5+ 56. Kg8 a1=Q 57. e8=Q Qa2+ 58. Kh8 Qf6+ 59. Kh7 Qh2+ 60. Kg8 Qhh8# 0-1

[Event "January 2 Early 2024"]
[Site "https://www.chess.com"]
[Date "2024.01.02"]
[Round "2"]
[White "Slade, Theodore"]
[Black "Player, Edmund C"]
[Result "0-1"]
[Board "211"]
[TimeControl "180+1"]
[WhiteFideId "426547"]
[BlackFideId "406520"]
[WhiteElo "2480"]
[BlackElo "2257"]
[WhiteTeam "ENG"]
[BlackTeam "ENG"]
[WhiteClock "0:00:00"]
[BlackClock "0:00:09"]

1. d4 Nf6 2. c4 e6 3. g3 Bb4+ 4. Nd2 O-O 5. Bg2 d5 6. Nf3 a5 7. O-O Nbd7 8. a3 Be7 9. b3 b6 10. cxd5 exd5 11. Nb1 Ne4 12. Nfd2 Ndf6 13. Nxe4 Nxe4 14. f3 Nf6 15. e4 dxe4 16. fxe4 Bb7 17. Nc3 a4 18. bxa4 Qd7 19. Bg5 h6 20. Bxf6 Bxf6 21. e5 Bxg2 22. Kxg2 Be7 23. d5 Bc5 24. Ne4 Rxa4 25. Nxc5 bxc5 26. Rf3 Rd4 27. Qc2 Qxd5 28. Qc3 Rd2+ 29. Kg1 Rd8 30. Rc1 Qe4 31. Rf2 Rd1+ 32. Rf1 R8d2 33. Qxd2 Rxd2 34. Rf2 Qd4 35. Rf1 c4 36. a4 c3 37. a5 c2 38. a6 Rxf2 39. Rxf2 c1=Q+ 40. Kg2 Qxf2+ 41. Kxf2 Qb2+ 0-1

[Event "January 2 Early 2024"]
[Site "https://www.chess.com"]
[Date "2024.01.02"]
[Round "2"]
[White "Gryshko, Vitalii"]
[Black "Chirivi C, Jenny Astrid"]
[Result "1-0"]
[Board "212"]
[TimeControl "180+1"]
[WhiteFideId "14174286"]
[BlackFideId "4403061"]
[WhiteElo "2478"]
[BlackElo "2251"]
[WhiteTeam "UKR"]
[BlackTeam "COL"]
[WhiteClock "0:00:12"]
[BlackClock "0:00:01"]

1. c4 c5 2. Nf3 Nf6 3. g3 b6 4. Bg2 Bb7 5. O-O d5 6. cxd5 Nxd5 7. d4 e6 8. e4 Nf6 9. e5 Nd5 10. Nc3 Nxc3 11. bxc3 Be7 12. Qc2 Qc7 13. Qa4+ Nd7 14. Bg5 Bxg5 15. Nxg5 Bxg2 16. Kxg2 cxd4 17. cxd4 Qb7+ 18. f3 b5 19. Qc2 Rc8 20. Qd3 Qd5 21. Qa3 Qxd4 22. Rad1 Qxe5 23. Ne4 Rc2+ 24. Rf2 Rxf2+ 25. Kxf2 Qc7 26. Nd6+ Ke7 27. Nf5+ Kf6 28. Qe7+ Kxf5 29. Qxf7+ Kg5 30. Qxg7+ Kf5 31. Qf7+ Kg5 32. f4+ Kh6 33. Rxd7 Qc2+ 34. Kg1 Qc1+ 35. Kg2 Qc2+ 36. Kh3 Qf5+ 37. Qxf5 exf5 38. Rxa7 Rb8 39. Rf7 Kg6 40. Rc7 b4 41. Rc6+ Kg7 42. Kh4 Ra8 43. Rc7+ Kg6 44. Rc6+ Kg7 45. Rc2 Kg6 46. Rb2 Ra4 47. Kh3 h6 48. Kg2 Kf6 49. Kf2 Kg6 50. Ke3 Ra3+ 51. Kd4 Ra4 52. Kc5 b3 53. axb3 Re4 54. b4 Kf6 55. b5 Ke7 56. Rd2 Re1 57. b6 Rc1+ 58. Kb5 Rb1+ 59. Kc6 Rc1+ 60. Kb7 Rb1 61. Ka7 Ra1+ 62. Kb8 Rb1 63. b7 h5 64. Rd5 Ke6 65. Re5+ Kf6 66. Kc8 Rc1+ 67. Kd7 Rb1 68. Kc7 Rc1+ 69. Kb6 Rb1+ 70. Rb5 Rxb5+ 71. Kxb5 1-0

[Event "January 2 Early 2024"]
[Site "https://www.chess.com"]
[Date "2024.01.02"]
[Round "2"]
[White "Mekhane, Adam"]
[Black "Cueto, Jonny"]
[Result "1-0"]
[Board "213"]
[TimeControl "180+1"]
[WhiteFideId "36050601"]
[BlackFideId "3300145"]
[WhiteElo "2477"]
[BlackElo "2247"]
[WhiteTeam "FRA"]
[BlackTeam "BOL"]
[WhiteClock "0:00:56"]
[BlackClock "0:00:10"]

1. e4 e6 2. d4 d5 3. exd5 exd5 4. Nf3 Bd6 5. Bd3 Ne7 6. O-O Bg4 7. Nc3 Nbc6 8. Nb5 Qd7 9. c3 O-O-O 10. a4 Nf5 11. Nxd6+ Nxd6 12. b4 Ne4 13. b5 Ne7 14. c4 Nc3 15. Qc2 Bxf3 16. gxf3 dxc4 17. Bxc4 Qxd4 18. Bxf7 Ncd5 19. Be3 Nxe3 20. fxe3 Qxe3+ 21. Rf2 Nf5 22. Qxf5+ Kb8 23. Qe4 Qc3 24. Re1 Rhf8 25. Bh5 Qf6 26. Bg4 h5 27. Bxh5 Qg5+ 28. Bg4 Rf4 29. Qe5 Rfd4 30. Qxg5 1-0

[Event "January 2 Early 2024"]
[Site "https://www.chess.com"]
[Date "2024.01.02"]
[Round "2"]
[White "Arshiya Das"]
[Black "Hrebenshchykova, Yelyzaveta"]
[Result "0-1"]
[Board "214"]
[TimeControl "180+1"]
[WhiteFideId "25652150"]
[BlackFideId "14159899"]
[WhiteElo "2245"]
[BlackElo "2477"]
[WhiteTeam "IND"]
[BlackTeam "UKR"]
[WhiteClock "0:00:24"]
[BlackClock "0:00:49"]

1. e4 c5 2. Nf3 e6 3. d3 Nc6 4. Nbd2 d5 5. g3 Nf6 6. Bg2 g6 7. O-O Bg7 8. Re1 O-O 9. c3 Qc7 10. Qc2 b6 11. Nf1 a5 12. Bf4 Qd8 13. Rad1 Bb7 14. h3 Re8 15. g4 e5 16. Bg3 d4 17. c4 h5 18. g5 Nh7 19. h4 Bc8 20. N3h2 f6 21. f4 exf4 22. Bxf4 fxg5 23. hxg5 Ne5 24. Bxe5 Bxe5 25. Nf3 Nxg5 26. N1h2 Nxf3+ 27. Nxf3 Bg4 28. Rf1 Bf4 29. Rde1 Be3+ 30. Kh1 Rf8 31. Rxe3 dxe3 32. Qe2 Bxf3 33. Rxf3 Qh4+ 34. Kg1 Rxf3 35. Bxf3 Qg3+ 36. Qg2 Qxg2+ 37. Kxg2 Rf8 38. Kg3 Kf7 39. e5 Ke6 40. Be2 Kxe5 0-1

[Event "January 2 Early 2024"]
[Site "https://www.chess.com"]
[Date "2024.01.02"]
[Round "2"]
[White "Kostov, Deyan Samuil"]
[Black "Fernandez Hernandez, Gerardo"]
[Result "0-1"]
[Board "215"]
[TimeControl "180+1"]
[WhiteFideId "30909015"]
[BlackFideId "2207400"]
[WhiteElo "2476"]
[BlackElo "2241"]
[WhiteTeam "BUL"]
[BlackTeam "ESP"]
[WhiteClock "0:00:00"]
[BlackClock "0:02:28"]

1. d4 Nf6 2. c4 c5 3. d5 b5 4. Qc2 b4 5. e4 d6 6. Bd3 g6 7. f4 Bg7 8. Nf3 Bg4 9. O-O Nbd7 10. Nbd2 O-O 11. h3 Bxf3 12. Nxf3 Qc7 13. Bd2 a5 14. Rae1 e6 0-1

[Event "January 2 Early 2024"]
[Site "https://www.chess.com"]
[Date "2024.01.02"]
[Round "2"]
[White "Delgado Kuffo, Andres"]
[Black "Postnikov, Daniil"]
[Result "0-1"]
[Board "216"]
[TimeControl "180+1"]
[WhiteFideId "3600475"]
[BlackFideId "4166329"]
[WhiteElo "2239"]
[BlackElo "2476"]
[WhiteTeam "ECU"]
[BlackTeam "RUS"]
[WhiteClock "0:00:05"]
[BlackClock "0:00:46"]

1. e4 e6 2. d4 d5 3. e5 c5 4. c3 Nc6 5. Nf3 Qb6 6. Bd3 cxd4 7. a3 Bd7 8. O-O Nge7 9. Kh1 dxc3 10. Nxc3 Ng6 11. Be3 Qd8 12. Bxg6 hxg6 13. b4 Rc8 14. Rc1 a6 15. Na4 Ne7 16. Nc5 Bc6 17. Bg5 Qb6 18. Nd4 Nf5 19. Nxf5 gxf5 20. Qd4 Qc7 21. Bf4 Be7 22. a4 g5 23. Bd2 f4 24. b5 Bxb5 25. axb5 Bxc5 26. Qa4 Qd7 27. Bb4 axb5 28. Qa3 Bxb4 29. Qxb4 Rc4 30. Qa3 Ra4 31. Qc5 Qc6 32. Qxc6+ bxc6 33. Rxc6 Kf8 34. Rb6 Rb4 35. Rc1 Kg7 36. h4 Rxh4+ 37. Kg1 Rc4 38. Rb1 b4 39. R1xb4 Rxb4 40. Rxb4 Kg6 41. Rb7 Rh7 42. f3 Kf5 43. Kf2 Kxe5 0-1

[Event "January 2 Early 2024"]
[Site "https://www.chess.com"]
[Date "2024.01.02"]
[Round "2"]
[White "Merikard"]
[Black "Pourkashiyan, Atousa"]
[Result "0-1"]
[Board "217"]
[TimeControl "180+1"]
[BlackFideId "12502014"]
[WhiteElo "2239"]
[BlackElo "2474"]
[BlackTeam "USA"]
[WhiteClock "0:00:00"]
[BlackClock "0:00:17"]

1. d4 Nf6 2. c4 e6 3. Nf3 d5 4. Nc3 Be7 5. cxd5 exd5 6. Bf4 c6 7. e3 O-O 8. Bd3 Bg4 9. h3 Bh5 10. g4 Bg6 11. Bxg6 hxg6 12. Qc2 Nbd7 13. Rb1 Bb4 14. a3 Bxc3+ 15. bxc3 b5 16. a4 a6 17. O-O Ne4 18. Nd2 Nb6 19. Nxe4 dxe4 20. Qxe4 Nd5 21. Rbc1 Qa5 22. c4 Nxf4 23. Qxf4 Qxa4 24. Qd6 bxc4 25. Qc5 Qb5 26. Qxc4 Rfc8 27. Qc3 a5 28. Rb1 Qd5 29. f3 a4 30. e4 Qd6 31. Kg2 a3 32. Ra1 a2 33. Rf2 c5 34. Rfxa2 Rxa2+ 35. Rxa2 c4 36. d5 Qb6 37. Rb2 Qa6 38. Rc2 Qa4 39. Kg3 Qa6 40. e5 Qb5 41. d6 Qd5 42. Rd2 Qe6 43. d7 Rd8 44. Qd4 g5 45. h4 gxh4+ 46. Kxh4 Qh6+ 47. Kg3 Qh1 48. Qxc4 Qe1+ 49. Rf2 Qxe5+ 50. f4 Qe3+ 51. Rf3 Qg1+ 52. Kh3 Qh1+ 53. Kg3 Qe1+ 54. Rf2 Qe7 55. Rd2 Qe3+ 56. Kh4 Qxd2 57. Qe4 Qxd7 58. f5 Re8 59. Qf4 Qe7+ 60. g5 Qe3 61. Kg4 Re4 62. Qxe4 Qxe4+ 0-1

[Event "January 2 Early 2024"]
[Site "https://www.chess.com"]
[Date "2024.01.02"]
[Round "2"]
[White "Gutierrez Olivares, Daniel"]
[Black "Chemin, Justo Reinaldo"]
[Result "1-0"]
[Board "218"]
[TimeControl "180+1"]
[WhiteFideId "2264005"]
[BlackFideId "2101580"]
[WhiteElo "2474"]
[BlackElo "2226"]
[WhiteTeam "ESP"]
[BlackTeam "BRA"]
[WhiteClock "0:00:51"]
[BlackClock "0:00:00"]

1. Nf3 d5 2. g3 c5 3. c4 dxc4 4. Na3 e6 5. Nxc4 Nf6 6. b3 Be7 7. Bb2 O-O 8. Bg2 Nc6 9. O-O Rb8 10. Rc1 b6 11. Qc2 Bb7 12. Ng5 Nb4 13. Qb1 g6 14. Nf3 b5 15. Nce5 Nbd5 16. Rfe1 Nb6 17. h4 Rc8 18. Bh3 c4 19. Nh2 Qd5 20. f3 Qxd2 21. Rcd1 Qe3+ 22. Kg2 Bc5 23. Neg4 Nxg4 24. Nxg4 Nd5 25. Rxd5 Bxd5 26. Nxe3 Bxe3 27. bxc4 bxc4 28. Bc3 Rb8 29. Qa1 f5 30. Rd1 Rf7 31. a4 Rd8 32. a5 Rfd7 33. h5 Bxf3+ 34. Kxf3 Rxd1 35. Qa2 Bh6 36. Qxc4 Kf7 37. hxg6+ hxg6 38. Qh4 Bg7 39. Bxg7 Kxg7 40. Qe7+ Kh6 41. Qxe6 R8d2 42. Qe3+ g5 43. Qe6+ Kg7 44. Qxf5 Rd5 45. Qe6 Rd6 46. Qe7+ Kg6 47. Qxa7 Rf6+ 48. Kg2 Rdf1 49. Qe3 1-0

[Event "January 2 Early 2024"]
[Site "https://www.chess.com"]
[Date "2024.01.02"]
[Round "2"]
[White "Ortega Amarelle, Mariano"]
[Black "Piddubna, Bozhena"]
[Result "1-0"]
[Board "219"]
[TimeControl "180+1"]
[WhiteFideId "3504301"]
[BlackFideId "34109293"]
[WhiteElo "2473"]
[BlackElo "2217"]
[WhiteTeam "CPV"]
[BlackTeam "UKR"]
[WhiteClock "0:00:41"]
[BlackClock "0:00:00"]

1. e4 e5 2. Nf3 Nc6 3. Nc3 Nf6 4. d4 exd4 5. Nxd4 Bb4 6. Nxc6 bxc6 7. Bd3 d5 8. exd5 cxd5 9. O-O O-O 10. Bg5 c6 11. h3 Rb8 12. Qf3 Bd6 13. b3 Be5 14. Bd2 Re8 15. Rae1 Rb7 16. Re2 Rbe7 17. Rfe1 Bd4 18. Na4 Ne4 19. Be3 Bxe3 20. Rxe3 Ng5 21. Qg3 Rxe3 22. Rxe3 Rxe3 23. Qxe3 h6 24. Qxa7 Qe8 25. Qe3 Be6 26. Nc5 Qa8 27. a4 Qa5 28. h4 Ne4 29. Bxe4 dxe4 30. Nxe6 fxe6 31. Qxe4 Qc3 32. Qxe6+ Kh7 33. Qe4+ Kh8 34. g3 c5 35. Kg2 Qd2 36. Qe8+ Kh7 37. Qe4+ Kh8 38. Qd3 Qc1 39. a5 Qa3 40. a6 Qa1 41. c3 Kg8 42. b4 cxb4 43. cxb4 Qa4 44. b5 Qa5 45. Qd5+ Kh8 46. Qc6 Qd2 47. a7 g5 48. a8=Q+ Kg7 49. Qab7+ Kf8 50. Qcc8+ 1-0

[Event "January 2 Early 2024"]
[Site "https://www.chess.com"]
[Date "2024.01.02"]
[Round "2"]
[White "Spitzl, Vinzent"]
[Black "Zainullina, Nataliya"]
[Result "1-0"]
[Board "221"]
[TimeControl "180+1"]
[WhiteFideId "12901253"]
[BlackFideId "4145488"]
[WhiteElo "2470"]
[BlackElo "2209"]
[WhiteTeam "GER"]
[BlackTeam "RUS"]
[WhiteClock "0:01:22"]
[BlackClock "0:00:01"]

1. e4 e5 2. Nf3 Nf6 3. Nxe5 d6 4. Nf3 Nxe4 5. Nc3 Nxc3 6. dxc3 Be7 7. Be3 Nc6 8. Qd2 Be6 9. O-O-O Qd7 10. Kb1 O-O-O 11. Ng5 Bxg5 12. Bxg5 f6 13. Be3 a6 14. Be2 Rhe8 15. h3 Kb8 16. Rhe1 Ne5 17. b3 Nc6 18. Bf3 Na7 19. a4 Qf7 20. Kb2 Nc8 21. Qd3 g6 22. Qe4 d5 23. Qd4 b6 24. a5 Kb7 25. axb6 Nxb6 26. Ra1 Ra8 27. c4 Red8 28. c5 Nc8 29. Qb4+ Ka7 30. Be2 Rb8 31. Rxa6# 1-0

[Event "January 2 Early 2024"]
[Site "https://www.chess.com"]
[Date "2024.01.02"]
[Round "2"]
[White "Clawitter, Craig"]
[Black "Brankovic, Dejan"]
[Result "0-1"]
[Board "222"]
[TimeControl "180+1"]
[WhiteFideId "2023105"]
[BlackFideId "921602"]
[WhiteElo "2205"]
[BlackElo "2469"]
[WhiteTeam "USA"]
[BlackTeam "SRB"]
[WhiteClock "0:00:08"]
[BlackClock "0:00:37"]

1. e4 c5 2. Nf3 g6 3. d4 cxd4 4. Nxd4 Bg7 5. Nc3 Nc6 6. Be3 Nf6 7. Bc4 d6 8. f3 Qb6 9. Nf5 Qxb2 10. Nxg7+ Kf8 11. Nd5 Nxd5 12. Bxd5 Kxg7 13. Bxc6 Qc3+ 14. Kf2 Qxc6 15. Qd4+ f6 16. Qd2 h5 17. Rab1 Be6 18. Rb4 b6 19. a4 Rac8 20. a5 bxa5 21. Rb2 a6 22. Qxa5 Rb8 23. Rhb1 Rxb2 24. Rxb2 Rc8 25. h4 Qc3 26. Qxc3 Rxc3 27. Ke2 a5 28. Kd2 Ra3 29. Rb7 Kf7 30. Bb6 Ke8 31. Rb8+ Kd7 32. Rb7+ Kc6 33. Rxe7 Bc4 34. Bd8 Bf1 35. Rc7+ Kb5 36. Bxf6 Bxg2 37. f4 Bxe4 38. Bc3 Kb6 39. Re7 d5 40. Re6+ Kc5 41. Ra6 a4 42. Ra5+ Kb6 43. Ra8 Ra2 44. Rb8+ Kc7 45. Rb4 Rxc2+ 46. Ke3 Rxc3+ 47. Kd4 0-1

[Event "January 2 Early 2024"]
[Site "https://www.chess.com"]
[Date "2024.01.02"]
[Round "2"]
[White "Namitbir Singh Walia"]
[Black "Lye, Sverre"]
[Result "0-1"]
[Board "223"]
[TimeControl "180+1"]
[WhiteFideId "35071068"]
[BlackFideId "1539353"]
[WhiteElo "2467"]
[BlackElo "2203"]
[WhiteTeam "IND"]
[BlackTeam "NOR"]
[WhiteClock "0:00:07"]
[BlackClock "0:01:06"]

1. e4 c5 2. Nf3 Nc6 3. d4 cxd4 4. Nxd4 Nf6 5. Nc3 d6 6. Be3 Ng4 7. Qd2 Nxe3 8. Qxe3 g6 9. O-O-O Bg7 10. Nb3 O-O 11. h4 Na5 12. h5 Nxb3+ 13. cxb3 Be6 14. Kb1 Qb6 15. Qxb6 axb6 16. Nd5 Bxd5 17. Rxd5 Ra5 18. Bc4 Rc8 19. hxg6 hxg6 20. Rhd1 Rxd5 21. Bxd5 Rc7 22. Rc1 Rxc1+ 23. Kxc1 Bd4 24. f3 Kg7 25. Bxb7 Kf6 26. g3 Bf2 27. g4 Ke5 28. Bd5 e6 29. Bc4 Kf4 30. Be2 Bd4 31. Kc2 Ke3 32. Bd1 d5 33. exd5 exd5 34. b4 Be5 35. a4 d4 36. b5 d3+ 37. Kc1 Bf4 38. b4 Kf2+ 39. Kb1 Ke1 40. a5 Kxd1 41. a6 Bb8 0-1

[Event "January 2 Early 2024"]
[Site "https://www.chess.com"]
[Date "2024.01.02"]
[Round "2"]
[White "Gutierrez Carmona, Juan Alejandro"]
[Black "Nadeev, Sergey"]
[Result "0-1"]
[Board "224"]
[TimeControl "180+1"]
[WhiteFideId "5106770"]
[BlackFideId "4180038"]
[WhiteElo "2201"]
[BlackElo "2467"]
[WhiteTeam "MEX"]
[BlackTeam "RUS"]
[WhiteClock "0:00:00"]
[BlackClock "0:02:09"]

1. e4 e5 2. Nf3 Nc6 3. Bb5 a6 4. Ba4 Nf6 5. d3 b5 6. Bb3 Be7 7. a4 Bb7 8. O-O d6 9. Nc3 Nd4 10. Nxd4 exd4 11. Nd5 c5 12. Nxf6+ Bxf6 13. Qg4 O-O 14. Bf4 d5 15. exd5 Bxd5 16. Bxd5 Qxd5 17. Rfe1 Rfe8 18. axb5 axb5 19. b3 h5 20. Qf3 Qxf3 21. gxf3 Rxe1+ 22. Rxe1 Ra2 23. Re2 c4 24. bxc4 bxc4 25. dxc4 Kh7 26. Rd2 Ra4 27. c5 Rc4 28. Bd6 Kg6 29. Kf1 Kf5 30. Ke2 Be5 31. Bxe5 Kxe5 32. Kd1 Rxc5 33. Rd3 Ra5 0-1

[Event "January 2 Early 2024"]
[Site "https://www.chess.com"]
[Date "2024.01.02"]
[Round "2"]
[White "Urbina Perez, Juan Antonio"]
[Black "Kohler, Aran"]
[Result "0-1"]
[Board "225"]
[TimeControl "180+1"]
[WhiteFideId "2217368"]
[BlackFideId "1002856"]
[WhiteElo "2466"]
[BlackElo "2201"]
[WhiteTeam "ESP"]
[BlackTeam "NED"]
[WhiteClock "0:00:52"]
[BlackClock "0:01:17"]

1. e4 c6 2. Nf3 d5 3. d3 dxe4 4. dxe4 Qxd1+ 5. Kxd1 Bg4 6. Be2 Nd7 7. Nfd2 Bxe2+ 8. Kxe2 e6 9. f3 Bc5 10. a4 a5 11. Nb3 Bb6 12. c3 Ngf6 13. Na3 O-O 14. Rd1 Rfd8 15. Bf4 e5 16. Bg5 h6 17. Bxf6 Nxf6 18. Nc4 Bc7 19. Rxd8+ Bxd8 20. g3 Bc7 21. Rd1 Kf8 22. Nc5 b5 23. axb5 cxb5 24. Ne3 Ke7 25. Nd5+ Nxd5 26. Rxd5 Rd8 27. b3 Rxd5 28. exd5 Kd6 29. Ne4+ Kxd5 30. Kd3 f5 31. c4+ bxc4+ 32. bxc4+ Kc6 33. Nc3 Bb6 34. g4 g6 35. Nd5 Bc5 36. h3 a4 37. Kc3 e4 38. gxf5 gxf5 39. fxe4 fxe4 40. Nf4 Kd6 41. Nd5 e3 42. Kd3 a3 43. Nc3 Ke5 44. Na2 Kf4 45. Ke2 Kg3 46. Nc3 Kxh3 47. Kf3 Kh2 48. Ke2 Kg2 0-1

[Event "January 2 Early 2024"]
[Site "https://www.chess.com"]
[Date "2024.01.02"]
[Round "2"]
[White "RaneshRatnesan"]
[Black "Nikologorsky, Matfei"]
[Result "0-1"]
[Board "226"]
[TimeControl "180+1"]
[BlackFideId "24102474"]
[WhiteElo "2194"]
[BlackElo "2465"]
[BlackTeam "FID"]
[WhiteClock "0:00:00"]
[BlackClock "0:00:13"]

1. d4 Nf6 2. c4 e6 3. Nc3 Bb4 4. a3 Bxc3+ 5. bxc3 c5 6. f3 d5 7. cxd5 exd5 8. e3 O-O 9. Bd3 Re8 10. Ne2 Nc6 11. O-O b6 12. Ng3 Na5 13. Rb1 Be6 14. Re1 Rc8 15. Bb5 Bd7 16. Ba6 Rb8 17. Bd3 Be6 18. Qa4 cxd4 19. cxd4 Re7 20. e4 dxe4 21. fxe4 b5 22. Rxb5 Rxb5 23. Bxb5 Nb3 24. Be3 Ng4 25. Bc4 Nxe3 26. Bxb3 Bxb3 27. Qxb3 Ng4 28. Nf5 Rd7 29. h3 Nf6 30. d5 g6 31. Nd4 Qe8 32. Qf3 Kg7 33. Re3 Re7 34. Qg3 Nxe4 35. Nf5+ Kh8 0-1

[Event "January 2 Early 2024"]
[Site "https://www.chess.com"]
[Date "2024.01.02"]
[Round "2"]
[White "Kubicka, Anna"]
[Black "Ray, Sarathi"]
[Result "1-0"]
[Board "227"]
[TimeControl "180+1"]
[WhiteFideId "1152254"]
[BlackFideId "2032490"]
[WhiteElo "2464"]
[BlackElo "2194"]
[WhiteTeam "POL"]
[BlackTeam "USA"]
[WhiteClock "0:01:11"]
[BlackClock "0:00:00"]

1. e4 c6 2. d4 d5 3. Nc3 dxe4 4. Nxe4 Nf6 5. Nxf6+ exf6 6. Bd3 Bd6 7. c3 O-O 8. Ne2 Re8 9. Be3 Nd7 10. Qc2 h5 11. O-O-O Nf8 12. Kb1 Be6 13. Rhe1 b5 14. Bf4 a5 15. g3 Bg4 16. Bxd6 Qxd6 17. h3 Bf3 18. Rc1 Bd5 19. Nf4 g6 20. Nxd5 Qxd5 21. f4 Qf3 22. f5 Rxe1 23. Rxe1 Qxg3 24. Qd2 g5 25. Re7 Qd6 26. Qe2 Rd8 27. Ra7 b4 28. Qxh5 Rd7 29. Rxd7 Qxd7 30. h4 bxc3 31. bxc3 Nh7 32. hxg5 Nxg5 33. Qh2 Qd5 34. Qc7 Qh1+ 35. Kb2 Qg2+ 36. Bc2 Qf1 37. Qxc6 Qf2 38. Qxf6 Nf3 39. Qd8+ Kh7 40. f6+ Kh6 41. Qh8+ Kg5 42. Qg7+ Kf4 43. Qxf7 Ne1 44. Qc7+ 1-0

[Event "January 2 Early 2024"]
[Site "https://www.chess.com"]
[Date "2024.01.02"]
[Round "2"]
[White "Sailer, Mike"]
[Black "Dyulgerov, Volen"]
[Result "0-1"]
[Board "228"]
[TimeControl "180+1"]
[WhiteFideId "2012901"]
[BlackFideId "2918978"]
[WhiteElo "2187"]
[BlackElo "2460"]
[WhiteTeam "USA"]
[BlackTeam "BUL"]
[WhiteClock "0:00:00"]
[BlackClock "0:00:06"]

1. d4 e5 2. dxe5 d6 3. Nf3 Nc6 4. Bf4 Bg4 5. exd6 Qf6 6. Qc1 Bxd6 7. Bxd6 Qxd6 8. Nbd2 O-O-O 9. c3 Nf6 10. e3 Ne5 11. Nxe5 Qxe5 12. Be2 Bxe2 13. Kxe2 Rhe8 14. Nf3 Qe4 15. Rd1 Qc4+ 16. Ke1 Ne4 17. Rd4 Rxd4 18. cxd4 Qb5 19. Qc2 g5 20. Rc1 c6 21. Qc4 Qxb2 22. Rc2 Qb1+ 23. Rc1 Qb2 24. Rc2 Qa3 25. Ne5 Nd6 26. Qc5 Qxc5 27. Rxc5 f6 28. Nc4 Kc7 29. Nxd6 Kxd6 30. Kd2 b6 31. Rc3 h5 32. Ra3 Re7 33. Rc3 h4 34. h3 Rb7 35. Kd3 f5 36. f3 Re7 37. e4 fxe4+ 38. fxe4 Rf7 39. Ke2 Rf4 40. Re3 c5 41. dxc5+ bxc5 42. Ra3 Rxe4+ 43. Kf3 Rf4+ 44. Ke3 Rf7 45. Ra6+ Kd5 46. Rg6 Re7+ 47. Kd3 Re5 48. Rg7 c4+ 49. Kd2 Kd4 50. Rd7+ Rd5 51. Rxa7 Rf5 52. Rd7+ Kc5 53. Rc7+ Kb4 54. Rb7+ Kc5 55. Rc7+ Kd5 56. Rd7+ Ke4 57. Re7+ Kf4 58. Kc3 Ra5 59. Kxc4 Rxa2 60. Re2 Rxe2 0-1

[Event "January 2 Early 2024"]
[Site "https://www.chess.com"]
[Date "2024.01.02"]
[Round "2"]
[White "Fu, Yihe"]
[Black "Thiel, Thomas"]
[Result "1-0"]
[Board "230"]
[TimeControl "180+1"]
[WhiteFideId "8619638"]
[BlackFideId "4615964"]
[WhiteElo "2457"]
[BlackElo "2183"]
[WhiteTeam "AUS"]
[BlackTeam "GER"]
[WhiteClock "0:00:23"]
[BlackClock "0:00:44"]

1. d4 d5 2. c4 dxc4 3. e3 e5 4. Bxc4 Nc6 5. d5 Nce7 6. e4 Nf6 7. Nc3 Ng6 8. h3 Bd6 9. Nge2 O-O 10. O-O Nh5 11. Bd3 Qh4 12. Kh2 Nhf4 13. Nxf4 Nxf4 14. Bxf4 exf4 15. Qf3 g5 16. e5 Bxe5 17. Qe4 Re8 18. Kg1 f3 19. Qxf3 g4 20. g3 gxf3 21. gxh4 Bxh3 22. Rfe1 Bxc3 23. bxc3 Kg7 24. Kh2 Bd7 25. Kg3 Kf6 26. Kxf3 c6 27. c4 cxd5 28. cxd5 Rac8 29. Rxe8 Rxe8 30. Bxh7 Rh8 31. Be4 Rxh4 32. Rc1 Ke5 33. Rc7 Rf4+ 34. Kg3 Rxe4 35. Rxd7 Re2 36. Re7+ 1-0

[Event "January 2 Early 2024"]
[Site "https://www.chess.com"]
[Date "2024.01.02"]
[Round "2"]
[White "Montano Vicente, Guadalupe"]
[Black "Valle Luis, Leo"]
[Result "1-0"]
[Board "231"]
[TimeControl "180+1"]
[WhiteFideId "5181399"]
[BlackFideId "54577187"]
[WhiteElo "2173"]
[BlackElo "2457"]
[WhiteTeam "MEX"]
[BlackTeam "ESP"]
[WhiteClock "0:00:13"]
[BlackClock "0:00:04"]

1. d4 Nf6 2. c4 e6 3. Nf3 b6 4. Nc3 Bb7 5. Qc2 Bb4 6. Bd2 Bxc3 7. Bxc3 Ne4 8. g3 d6 9. Bg2 Nxc3 10. Qxc3 O-O 11. O-O Nd7 12. Rfe1 f5 13. Rac1 Qe7 14. b4 Nf6 15. c5 Ne4 16. Qb2 Bd5 17. Nd2 c6 18. Qc2 dxc5 19. bxc5 Nxd2 20. Bxd5 exd5 21. Qxd2 b5 22. Qa5 Qd8 23. Qxd8 Rfxd8 24. a4 a6 25. Ra1 Kf7 26. Kg2 Ke6 27. Kf3 Kd7 28. Reb1 Kc7 29. Kf4 g6 30. Kg5 Kb7 31. Kh6 Rd7 32. e3 Rg8 33. h4 Rdg7 34. Kg5 Rf7 35. Rb3 Rh8 36. Rba3 Rg7 37. axb5 cxb5 38. Rxa6 h6+ 39. Kf4 Rc7 40. Rb6+ Kc8 41. Ra8+ Kd7 42. Rxh8 1-0